 Dungeon Crawl Stone Soup version 0.29.0-4-gdea44cf6ec (webtiles) character file.

Game seed: 15661602311715162072

618 qw the Chopper (level 7, -4/40 (41) HPs)
             Began as a Tengu Warper on Aug 28, 2022.
             Slain by an ogre
             ... wielding a +0 giant spiked club
              (20 damage)
             ... on level 5 of the Dungeon.
             The game lasted 00:00:28 (4611 turns).

qw the Chopper (Tengu Warper)                       Turns: 4611, Time: 00:00:28

HP:   -4/40 (41)    AC: 12    Str: 13    XL:     7   Next: 45%
MP:   11/11         EV:  5    Int: 14    God:
Gold: 239           SH:  0    Dex: 13    Spells: 10/10 levels left

rFire   + . .      SeeInvis .   Y - +0 hand axe
rCold   + . .      Faith    .   (no shield)
rNeg    . . .      Spirit   .   i - +0 plate armour
rPois   .          Reflect  .   (helmet restricted)
rElec   .          Harm     .   j - scarf {rC+ rF+}
rCorr   .          Rampage  .   e - +0 pair of gloves
Will    .....                   (boots unavailable)
Stlth   ..........              g - amulet of the acrobat
HPRegen 0.13/turn               h - +4 ring of slaying {mikee}
MPRegen 0.12/turn               (no ring)

@: flying quickly and evasively, lightly drained, quick
A: beak, talons 3, nimble flight
a: no special abilities


You were on level 5 of the Dungeon.
You visited 1 branch of the dungeon, and saw 5 of its levels.

You collected 239 gold pieces.


Innate Abilities, Weirdness & Mutations

You have a beak for a mouth.
You have claws for feet.
Your magical nature lets you fly swiftly and evasively.


   Skills:
 - Level 3.3 Fighting
 + Level 7.7 Axes
 - Level 1.0 Throwing
 - Level 3.1 Armour
 - Level 2.1 Dodging
 - Level 2.0 Spellcasting
 - Level 2.4 Translocations


You had 10 spell levels left.
You didn't know any spells.
Your spell library contained the following spells:

 Spells                   Type           Power      Damage    Failure   Level
 Blink                    Tloc           16%        N/A       100%        2
 Gell's Gravitas          Tloc           8%         N/A       100%        3
 Lesser Beckoning         Tloc           8%         N/A       100%        3
 Teleport Other           Tloc           8%         N/A       100%        3
 Manifold Assault         Tloc           8%         N/A       100%        5

Inventory:

Hand Weapons
 b - a +0 flail
 Y - a +0 hand axe (weapon)
Armour
 e - a +0 pair of gloves (worn)
 i - a +0 plate armour (worn)
 j - a scarf of resistance (worn)
Jewellery
 g - an amulet of the acrobat (around neck)
 h - a +4 ring of slaying (left hand) {mikee}
Scrolls
 a - 6 scrolls of identify
Potions
 d - 2 potions of curing
 f - 3 potions of heal wounds

Dungeon Overview and Level Annotations

Branches:
Dungeon (5/15)
 Temple: D:4-7

Altars:
Ashenzari
Dithmenos
Gozag

Annotations:
D:3 1 runed translucent door, Crazy Yiuf


Message History

The jelly hits you but does no damage.
You slash the jelly!
You kill the jelly!
You start resting.
An ogre comes into view. It is wielding a +0 giant spiked club.
4569 ||| FLEEEEING.
You see here 4 stones.
You start resting.
You hear the slow rusting of a drain.
HP restored.
A necrophage comes into view.
The ogre shouts!
An adder comes into view.
4603 ||| Stepping ~*~*~tactically~*~*~ (stealth).
A hound comes into view.
The hound barks!
The adder hisses angrily.
You hit the necrophage. You peck the necrophage.
The necrophage is moderately damaged.
You completely miss the ogre.
The ogre hits you with a +0 giant spiked club.
The necrophage hits you but does no damage.
You hit the necrophage. You peck the necrophage.
The necrophage is heavily damaged.
You hit the ogre. You hit the necrophage. Your kick misses the necrophage.
The necrophage is heavily damaged.
You hit the ogre.
The necrophage hits you but does no damage.
The ogre hits you with a +0 giant spiked club!!
You hit the necrophage but do no damage.
You claw the necrophage! Your peck misses the necrophage.
The necrophage is almost destroyed.
You hit the ogre. The necrophage hits you.
You feel drained.
You hit the necrophage. Your kick misses the necrophage.
The necrophage is almost destroyed.
You hit the ogre.
The ogre hits you with a +0 giant spiked club!!
Ouch! That really hurt!
You die...

.....##....................###
##..##....#.........##....##
#..##...###........###..##
......###.............## .###.
....###.'##'..# ..
#..#..#~%#..# .. #..(.##~~##.#
###..#~~~~#.# ##@#~~~~#.#
#.hnO##~~##:# .......S.#~~#..#
........##++# .# ........#
......#.# ..#...#.. .##.....#


You could see an ogre, a necrophage, a hound and an adder.

Vanquished Creatures
  An ogre (D:5)
  A phantom (D:5)
  A necrophage (D:3)
  2 jellies
  An orc priest (D:3)
  An iguana (D:4)
  Natasha (thrice) (D:3)
  4 gnolls (D:4)
  6 adders
  A shadow imp (D:5)
  An ufetubus (D:2)
  A worm (D:2)
  6 dart slugs
  4 orcs (D:3)
  10 ball pythons
  4 bats
  7 endoplasms
  3 giant cockroaches
  5 goblins
  7 hobgoblins
  9 jackals
  7 quokkas
  2 frilled lizards
  5 kobolds
  7 rats
99 creatures vanquished.

Notes
Turn   | Place    | Note
-------+----------+-------------------------------------------
     0 | D:1      | qw the Tengu Warper began the quest for the Orb.
     0 | D:1      | Reached XP level 1. HP: 12/12 MP: 4/4
     0 | D:1      | 0 ||| qw: Version: 0.1-a-89-g26bdef1
     0 | D:1      | 0 ||| qw: Game counter: 519
     0 | D:1      | 0 ||| qw: Always use a shield: true
     0 | D:1      | 0 ||| qw: God list: Okawaru
     0 | D:1      | 0 ||| qw: Allow faded altars: false
     0 | D:1      | 0 ||| qw: Do Orc after D:15 true
     0 | D:1      | 0 ||| qw: Do second Lair branch before Depths: true
     0 | D:1      | 0 ||| qw: Lair rune preference: random
     0 | D:1      | 0 ||| qw: Plans: Normal
     0 | D:1      | 0 ||| PLANNING D:1-11
    28 | D:1      | 28 ||| Stepping ~*~*~tactically~*~*~ (stealth).
    39 | D:1      | 39 ||| Stepping ~*~*~tactically~*~*~ (stealth).
    40 | D:1      | 40 ||| Stepping ~*~*~tactically~*~*~ (stealth).
    74 | D:1      | 74 ||| Stepping ~*~*~tactically~*~*~ (stealth).
    75 | D:1      | 75 ||| Stepping ~*~*~tactically~*~*~ (stealth).
    76 | D:1      | 76 ||| Stepping ~*~*~tactically~*~*~ (stealth).
    77 | D:1      | 77 ||| Stepping ~*~*~tactically~*~*~ (stealth).
    87 | D:1      | 87 ||| Stepping ~*~*~tactically~*~*~ (stealth).
   209 | D:1      | 209 ||| Stepping ~*~*~tactically~*~*~ (hiding).
   311 | D:1      | 311 ||| Stepping ~*~*~tactically~*~*~ (hiding).
   325 | D:1      | Reached skill level 3 in Axes
   325 | D:1      | Reached XP level 2. HP: 15/17 MP: 6/6
   349 | D:1      | 349 ||| Stepping ~*~*~tactically~*~*~ (hiding).
   439 | D:1      | 439 ||| Stepping ~*~*~tactically~*~*~ (stealth).
   662 | D:1      | Reached XP level 3. HP: 21/21 MP: 7/7
   840 | D:1      | 840 ||| Stepping ~*~*~tactically~*~*~ (stealth).
   847 | D:1      | Reached skill level 4 in Axes
   888 | D:1      | 888 ||| Stepping ~*~*~tactically~*~*~ (stealth).
  1035 | D:1      | 1035 ||| UPGRADING to +0 pair of gloves.
  1040 | D:1      | 1040 ||| UPGRADING to +0 chain mail.
  1050 | D:1      | 1050 ||| DROPPING +0 leather armour.
  1051 | D:1      | 1051 ||| UPGRADING to +4 ring of slaying {mikee}.
  1052 | D:1      | 1052 ||| READING scroll labelled QULACA CULIBRAI.
  1053 | D:1      | 1053 ||| DRINKING 2 golden potions.
  1054 | D:1      | 1054 ||| DROPPING scroll of blinking.
  1070 | D:2      | 1070 ||| STAIRDANCE
  1104 | D:2      | 1104 ||| STAIRDANCE
  1108 | D:1      | Reached XP level 4. HP: 21/26 MP: 8/8
  1229 | D:2      | 1229 ||| Stepping ~*~*~tactically~*~*~ (stealth).
  1230 | D:2      | 1230 ||| Stepping ~*~*~tactically~*~*~ (stealth).
  1426 | D:2      | 1426 ||| Stepping ~*~*~tactically~*~*~ (hiding).
  1433 | D:2      | Reached skill level 5 in Axes
  1675 | D:2      | 1675 ||| DROPPING +0 club.
  1732 | D:2      | 1732 ||| READING 2 scrolls labelled BEIKOW DONUS.
  1733 | D:2      | 1733 ||| READING scroll labelled WORRYWOAST.
  1734 | D:2      | 1734 ||| READING scroll labelled ASUFRU ZINE.
  1735 | D:2      | 1735 ||| READING scroll labelled KELEWU SAUG.
  1736 | D:2      | 1736 ||| READING scroll labelled ZETIENUBAG.
  1737 | D:2      | 1737 ||| READING scroll labelled ULARENUIZO.
  1738 | D:2      | 1738 ||| DRINKING 2 amethyst potions.
  1739 | D:2      | 1739 ||| DROPPING scroll of magic mapping.
  1740 | D:2      | 1740 ||| DROPPING potion of magic.
  1779 | D:3      | 1779 ||| STAIRDANCE
  1786 | D:3      | Gained mutation: Your magical nature lets you fly swiftly
                  | and evasively. [Tengu growth]
  1786 | D:3      | Reached XP level 5. HP: 26/30 MP: 9/9
  1786 | D:3      | 1786 ||| STAIRDANCE
  1889 | D:3      | Found a faded altar of an unknown god.
  1942 | D:3      | Noticed Natasha
  1950 | D:3      | Killed Natasha
  2199 | D:3      | Noticed Natasha
  2200 | D:3      | 2200 ||| Stepping ~*~*~tactically~*~*~ (hiding).
  2204 | D:3      | Killed Natasha
  2383 | D:3      | Reached skill level 6 in Axes
  2385 | D:3      | Reached XP level 6. HP: 12/35 MP: 10/10
  2810 | D:3      | Found a runed translucent door.
  2811 | D:3      | Noticed Crazy Yiuf
  2857 | D:3      | Noticed Natasha
  2861 | D:3      | Killed Natasha
  2877 | D:3      | 2877 ||| Stepping ~*~*~tactically~*~*~ (stealth).
  2908 | D:3      | 2908 ||| Stepping ~*~*~tactically~*~*~ (stealth).
  2941 | D:3      | Found a broken altar of Ashenzari.
  3180 | D:3      | 3180 ||| UPGRADING to +0 plate armour.
  3190 | D:3      | 3190 ||| DROPPING +0 chain mail.
  3191 | D:3      | 3191 ||| UPGRADING to scarf of resistance.
  3196 | D:3      | 3196 ||| DROPPING orb of mayhem.
  3197 | D:3      | 3197 ||| DRINKING 5 viscous brown potions.
  3233 | D:3      | 3233 ||| DRINKING 2 emerald potions.
  3234 | D:3      | 3234 ||| DRINKING 2 viscous cyan potions.
  3235 | D:3      | 3235 ||| DROPPING 4 potions of lignification.
  3236 | D:3      | 3236 ||| DROPPING potion of attraction.
  3286 | D:4      | Found a shadowy altar of Dithmenos.
  3297 | D:4      | Found an opulent altar of Gozag.
  3535 | D:4      | Reached skill level 3 in Armour
  3535 | D:4      | 3535 ||| Stepping ~*~*~tactically~*~*~ (hiding).
  3536 | D:4      | 3536 ||| FLEEEEING.
  3539 | D:4      | Reached skill level 7 in Axes
  3539 | D:4      | 3539 ||| Stepping ~*~*~tactically~*~*~ (hiding).
  3540 | D:4      | 3540 ||| Stepping ~*~*~tactically~*~*~ (hiding).
  3541 | D:4      | 3541 ||| Stepping ~*~*~tactically~*~*~ (hiding).
  3543 | D:4      | 3543 ||| Stepping ~*~*~tactically~*~*~ (hiding).
  3545 | D:4      | 3545 ||| Stepping ~*~*~tactically~*~*~ (hiding).
  3577 | D:4      | 3577 ||| Stepping ~*~*~tactically~*~*~ (stealth).
  3648 | D:4      | 3648 ||| Stepping ~*~*~tactically~*~*~ (stealth).
  3713 | D:4      | 3713 ||| Stepping ~*~*~tactically~*~*~ (stealth).
  3756 | D:4      | 3756 ||| DROPPING +0 whip.
  3848 | D:4      | 3848 ||| Stepping ~*~*~tactically~*~*~ (hiding).
  3849 | D:4      | 3849 ||| Stepping ~*~*~tactically~*~*~ (hiding).
  4259 | D:4      | 4259 ||| UPGRADING to amulet of the acrobat.
  4264 | D:4      | 4264 ||| READING scroll labelled UHISAR HOOMUM.
  4269 | D:4      | 4269 ||| READING scroll labelled LENOH PANOAHOCH.
  4385 | D:5      | Entered Level 5 of the Dungeon
  4386 | D:5      | 4386 ||| PLANNING SEWER
  4476 | D:5      | Reached skill level 3 in Fighting
  4476 | D:5      | Reached XP level 7. HP: 39/41 MP: 11/11
  4569 | D:5      | 4569 ||| FLEEEEING.
  4603 | D:5      | 4603 ||| Stepping ~*~*~tactically~*~*~ (stealth).
  4611 | D:5      | Slain by an ogre

Levels and vault maps discovered:
D:1:      dpeg_arrival_erosion, layout_rooms, grunt_decor_one_mirror
D:2:      layout_rooms, nicolae_kite_square_tiling_tiny, minmay_diced_spiral
D:3:      layout_loops_cross, mainiacjoe_overflow_paths,
          hellmonk_ecumenical_altar_leap_of_faith, uniq_natasha,
          uniq_crazy_yiuf_cottage
D:4:      layout_basic, mainiacjoe_overflow_catwalk_spiral
D:5:      layout_cave_pools, grunt_temple_overflow_order_and_chaos_2,
          nicolae_ru_the_path_less_chosen, gup_sewer_entry_bowl

Skill      XL: |  1  2  3  4  5  6 |
---------------+-------------------+-----
Axes           | 3 4 5 6 7 |  7.7
Armour         | 2 3 |  3.1
Fighting       | 3 |  3.3
Throwing       | |  1.0
Dodging        | |  2.1
Spellcasting   | |  2.0
Translocations | |  2.4

Action                   |  1- 3 |  4- 6 |  7- 9 || total
-------------------------+-------+-------+-------++-------
Melee: Hand axe          |    73 |   107 |    22 ||   202
       Kick              |    21 |    27 |     8 ||    56
       Peck              |     5 |    15 |     6 ||    26
Throw: Boomerang         |     7 |       |       ||     7
  Use: Scroll            |     1 |     8 |       ||     9
       Potion            |     1 |     4 |       ||     5
 Stab: Distracted        |     1 |       |       ||     1
Armor: Leather armour    |    22 |       |       ||    22
       Chain mail        |    12 |    32 |       ||    44
       Plate armour      |       |    17 |     6 ||    23
Dodge: Dodged            |    54 |    14 |     2 ||    70

Table legend:
 A = Non-vault XP
 B = Vault XP
 C = Vault XP percentage of total XP
 D = Non-vault monster count
 E = Vault monster count
 F = Vault count percentage of total count
                 A         B        C        D         E       F
            +---------+---------+-------+---------+---------+-------
      Total |     839 |      45 |   5.1 |      91 |       8 |   8.1
            +---------+---------+-------+---------+---------+-------
        D:1 |      58 |       0 |   0.0 |      31 |       0 |   0.0
        D:2 |      63 |       5 |   7.4 |      18 |       3 |  14.3
        D:3 |     312 |      33 |   9.6 |      22 |       1 |   4.3
        D:4 |     112 |       0 |   0.0 |      14 |       0 |   0.0
        D:5 |     294 |       7 |   2.3 |       6 |       4 |  40.0
            +---------+---------+-------+---------+---------+-------
